 Dungeon Sprint DCSS version 0.30-a0-1161-g0704695555 (webtiles) character file.

Game seed: 13756278394621821880

14507 howech the Ninja (level 11, -8/47 HPs)
             Began as a Spriggan Enchanter on Apr 27, 2023.
             Was the Champion of Sif Muna.
             Mangled by the 27-headed Lernaean hydra (14 damage)
             ... in the Dungeon (Sprint I: "Red Sonja").
             The game lasted 00:21:17 (1384 turns).

howech the Ninja (Spriggan Enchanter)               Turns: 1384, Time: 00:21:18

Health: -8/47      AC:  2    Str:  4    XL:     11   Next: 89%
Magic:  31/33      EV: 28    Int: 20    God:    Sif Muna [******]
Gold:   1420       SH:  0    Dex: 17    Spells: 29/44 levels left

rFire   + . .        a - +1 dagger
rCold   x . .        (no shield)
rNeg    . . .        b - +0 robe
rPois   .            (helmet restricted)
rElec   .            (no cloak)
rCorr   .            (gloves unavailable)
SInv    +            (boots unavailable)
Will    +....        (no amulet)
Stlth   ++++++++++   p - ring of flight
HPRegen 0.27/turn    f - ring of fire
MPRegen 0.23/turn

%: no teleportation
@: flying, very quick
A: very small, no large weapons, unfitting armour, see invisible, speed 3
a: Renounce Religion, Channel Magic, Forget Spell, Divine Exegesis


You were in the Dungeon.
You worshipped Sif Muna.
Sif Muna was exalted by your worship.
You visited 1 branch You collected 2607 gold pieces.
You spent 1169 gold pieces at shops.
You donated 18 gold pieces to Zin.

Inventory:

Hand Weapons
 a - a +1 dagger (weapon)
 r - the +8 autumn katana {manifold assault}
   (You found it in the Dungeon)
Missiles
 n - 5 silver boomerangs (quivered)
Armour
 b - a +0 robe (worn)
 m - a +1 hat
Jewellery
 f - a ring of fire (right hand)
 p - a ring of flight (left hand)
Wands
 h - a wand of paralysis (4)
Scrolls
 c - a scroll of identify
 i - 2 scrolls of blinking
 j - a scroll of vulnerability {unknown}
 k - a scroll of enchant weapon {unknown}
Potions
 d - 4 potions of curing
 g - 2 potions of magic
 o - a potion of mutation
 q - a potion of lignification


   Skills:
 - Level 10.0 Short Blades
 - Level 15.0 Dodging
 O Level 27 Stealth
 + Level 17.4 Spellcasting
 - Level 8.0 Hexes
 - Level 4.0 Necromancy
 - Level 5.0 Translocations
 - Level 3.0 Transmutations
 + Level 1.1 Fire Magic
 - Level 8.0 Ice Magic
 + Level 1.3 Air Magic
 - Level 3.0 Earth Magic


You had 29 spell levels left.
You knew the following spells:

 Your Spells              Type           Power      Damage    Failure   Level
a - Ensorcelled Hibernat  Hex/Ice        98%        N/A       1%          2
b - Confusing Touch       Hex            49%        N/A       1%          3
c - Dispel Undead         Necr           33%        3d14      6%          4
d - Passwall              Tmut/Erth      24%        N/A       1%          2
e - Passage of Golubria   Tloc           37%        N/A       4%          4

Your spell library contained the following spells:

 Spells                   Type           Power      Damage    Failure   Level
 Freeze                   Ice            100%       1d10      1%          1
 Kiss of Death            Conj/Necr      100%       2d13      1%          1
 Lesser Beckoning         Tloc           74%        N/A       1%          2
 Momentum Strike          Conj/Tloc      54%        3d9       1%          2
 Wereblood                Tmut           29%        N/A       1%          2
 Dazzling Flash           Conj/Hex       66%        N/A       1%          3
 Teleport Other           Tloc           37%        N/A       1%          3
 Tukima's Dance           Hex            49%        N/A       1%          3
 Vhi's Electric Charge    Tloc/Air       60%        N/A       2%          3
 Ice Form                 Ice/Tmut       39%        N/A       3%          4
 Metabolic Englaciation   Hex/Ice        24%        N/A       3%          5
 Petrify                  Tmut/Erth      29%        N/A       10%         4
 Yara's Violent Unravell  Hex/Tmut       19%        3d9       10%         5
 Silence                  Hex/Air        18%        N/A       13%         5
 Irradiate                Conj/Tmut      11%        3d15      43%         5
 Fireball                 Conj/Fire      14%        3d8       56%         5
 Plasma Beam              Fire/Air       16%        2x1d30    96%         6
 Starburst                Conj/Fire      14%        6d6       98%         6
 Dragon Form              Tmut           14%        N/A       100%        7
 Maxwell's Capacitive Co  Air            11%        ∞         100%        8
 Necromutation            Tmut/Necr      15%        N/A       100%        8
 Polar Vortex             Ice            24%        N/A       100%        9


Dungeon Overview and Level Annotations

Branches:
Dungeon (1/1)

Altars:
Cheibriados
Dithmenos
Elyvilon
Fedhas
Gozag
Hepliaklqana
Kikubaaqudgha
Makhleb
Nemelex Xobeh
Okawaru
Qazlal
Ru
Sif Muna
Trog
Uskayaw
Vehumet
Wu Jian
Xom
Yredelemnul
Zin
The Shining One
Jiyva
Lugonu

Shops:
D =[=[[=*??([((*(:?*?[:

Annotations:
D exclusion: oklob plant, Lernaean hydra


Innate Abilities, Weirdness & Mutations

You are very small and have problems with some larger weapons.
You are too small for most types of armour.
You have supernaturally acute eyesight. (SInv)
You cover ground extremely quickly. (Speed+++)


Message History

Aiming: Ensorcelled Hibernation (safe; 1% risk of failure)
Press: ? - help, Shift-Dir - straight line, f - merfolk siren
Aim: a merfolk siren, wielding a +0 trident (wandering, hasn't noticed you, chance to affect: 36%)
The merfolk siren shouts!
The merfolk siren looks drowsy...
The helpless merfolk siren fails to defend itself.
You spit the merfolk siren like a pig!!!!!
You kill the merfolk siren!
Sif Muna accepts your kill.
Your Fire Magic skill increases to level 1!
Your Air Magic skill increases to level 1!
Unknown command.
You now have 1285 gold pieces (gained 216).
There is an open door, spattered with blood here.
You see here a +0 trident.
Found 54 gold pieces.
You now have 1312 gold pieces (gained 27).
You now have 1339 gold pieces (gained 27).
You now have 1366 gold pieces (gained 27).
You now have 1393 gold pieces (gained 27).
You now have 1420 gold pieces (gained 27).
There is an open door, spattered with blood here.
You see here a +0 trident.
Okay, then.
You reach down and open the door.
Casting: Ensorcelled Hibernation (safe; 1% risk of failure)
Confirm with . or Enter, or press ? or * to list all spells.
Aiming: Ensorcelled Hibernation (safe; 1% risk of failure)
Press: ? - help, Shift-Dir - straight line, f - 27-headed Lernaean hydra
Aim: the 27-headed Lernaean hydra (chance to affect: 3%)
The 27-headed Lernaean hydra resists with almost no effort.
The 27-headed Lernaean hydra closely misses you.
The 27-headed Lernaean hydra bites you.
The 27-headed Lernaean hydra misses you. x2
The 27-headed Lernaean hydra completely misses you. x2
The 27-headed Lernaean hydra barely misses you.
The 27-headed Lernaean hydra bites you! x3
* * * LOW HITPOINT WARNING * * *
The 27-headed Lernaean hydra bites you!
You die...

###..≈# #P≈..##
#M≈..# ###..#
#.+..# #.##+##
#.#~~~##
#^#~~~~##
.^#@D~~~#######
####~~~~#~~~~~#
#..#)~~~'~~.~°○
#...##~~#~~~~°#
#....######'###
#....# ≈≈
###### ≈≈ ~


You could see the 27-headed Lernaean hydra.

Vanquished Creatures
  A deep elf annihilator (D)
  A hydra (D)
  2 centaur warriors (D)
  Sonja (D)
  A deep troll (D)
  A lindwurm (D)
  8 shining eyes (D)
  An oklob plant (D)
  4 demonic crawlers (D)
  A merfolk siren (D)
  A gargoyle (D)
  2 unseen horrors (D)
  2 kobold demonologists (D)
  2 hornets (D)
  A hellwing (D)
  A slime creature (D)
  Sigmund (D)
  13 hogs (D)
  A yak (D)
  2 redbacks (D)
  7 floating eyes (D)
  An ogre (D)
  7 necrophages (D)
  8 jellies (D)
  Ijyb (D)
  A ballistomycete spore (D)
72 creatures vanquished.

Vanquished Creatures (others)
  A merfolk siren (D)
  3 hornets (D)
  A ballistomycete spore (D)
5 creatures vanquished.

Grand Total: 77 creatures vanquished

Notes
Turn   | Place    | Note
-------+----------+-------------------------------------------
     0 | D        | howech the Spriggan Enchanter began the quest for the Orb.
     0 | D        | Reached XP level 1. HP: 9/9 MP: 5/5
     4 | D        | Noticed Ijyb
    10 | D        | Killed Ijyb
    11 | D        | Reached skill level 6 in Stealth
    11 | D        | Reached skill level 1 in Ice Magic
    11 | D        | Reached XP level 2. HP: 13/13 MP: 5/7
    17 | D        | Learned a level 2 spell: Ensorcelled Hibernation
    18 | D        | Noticed an ogre
    21 | D        | Killed an ogre
    22 | D        | Reached skill level 5 in Dodging
    22 | D        | Reached skill level 8 in Stealth
    22 | D        | Reached skill level 5 in Hexes
    22 | D        | Reached XP level 3. HP: 16/16 MP: 7/10
    22 | D        | Reached XP level 4. HP: 21/21 MP: 7/11
    24 | D        | Noticed Sigmund
    27 | D        | Killed Sigmund
    28 | D        | Reached skill level 5 in Short Blades
    28 | D        | Reached skill level 11 in Stealth
    28 | D        | Reached XP level 5. HP: 24/24 MP: 8/14
    48 | D        | Found a shimmering blue altar of Sif Muna.
    49 | D        | Found an ornate altar of the Wu Jian Council.
    50 | D        | Found a radiant altar of Vehumet.
    55 | D        | Reached XP level 6. HP: 28/28 MP: 12/16
    57 | D        | Found Gezorphodyn's Armour Emporium.
    57 | D        | Found an ancient bone altar of Kikubaaqudgha.
    57 | D        | Found a hazy altar of Hepliaklqana.
    57 | D        | Found a stormy altar of Qazlal.
    57 | D        | Found a hide-covered altar of Uskayaw.
    57 | D        | Found a blossoming altar of Fedhas.
    57 | D        | Found a bloodstained altar of Trog.
    57 | D        | Found an iron altar of Okawaru.
    57 | D        | Found a basalt altar of Yredelemnul.
    57 | D        | Found a glowing golden altar of the Shining One.
    57 | D        | Found a snail-covered altar of Cheibriados.
    57 | D        | Found a sacrificial altar of Ru.
    57 | D        | Found a glowing silver altar of Zin.
    57 | D        | Found a shadowy altar of Dithmenos.
    57 | D        | Found a white marble altar of Elyvilon.
    57 | D        | Noticed a yak
    58 | D        | Found an opulent altar of Gozag.
    59 | D        | Killed a yak
    60 | D        | Reached skill level 12 in Stealth
    60 | D        | Found a sparkling altar of Nemelex Xobeh.
    66 | D        | Became a worshipper of Zin the Law-Giver
    66 | D        | Reached * piety under Zin
    66 | D        | Reached ** piety under Zin
    66 | D        | Reached *** piety under Zin
    66 | D        | Reached **** piety under Zin
    66 | D        | Reached ***** piety under Zin
    66 | D        | Reached ****** piety under Zin
    91 | D        | Noticed Sonja
    95 | D        | Killed Sonja
    96 | D        | Reached skill level 14 in Stealth
    96 | D        | Reached skill level 5 in Ice Magic
    96 | D        | Reached XP level 7. HP: 32/32 MP: 16/19
   108 | D        | Found Juraph's Jewellery Boutique.
   117 | D        | Noticed a shining eye
   117 | D        | Noticed a shining eye
   117 | D        | Noticed a shining eye
   118 | D        | Noticed a shining eye
   118 | D        | Noticed a shining eye
   118 | D        | Noticed a shining eye
   120 | D        | Reached skill level 15 in Stealth
   120 | D        | Reached XP level 8. HP: 36/36 MP: 19/21
   120 | D        | Noticed a shining eye
   120 | D        | Noticed a shining eye
   124 | D        | Paralysed by a floating eye for 3 turns
   128 | D        | Reached skill level 10 in Dodging
   130 | D        | Reached skill level 16 in Stealth
   133 | D        | Killed a shining eye
   134 | D        | Reached skill level 17 in Stealth
   139 | D        | Killed a shining eye
   140 | D        | Reached skill level 18 in Stealth
   140 | D        | Reached skill level 10 in Spellcasting
   140 | D        | Reached XP level 9. HP: 39/39 MP: 15/24
   142 | D        | Killed a shining eye
   143 | D        | Reached skill level 19 in Stealth
   191 | D        | Killed a shining eye
   192 | D        | Reached skill level 10 in Short Blades
   232 | D        | Killed a shining eye
   233 | D        | Reached skill level 21 in Stealth
   270 | D        | Killed a shining eye
   271 | D        | Reached skill level 22 in Stealth
   313 | D        | Killed a shining eye
   314 | D        | Reached skill level 23 in Stealth
   314 | D        | Reached XP level 10. HP: 44/44 MP: 25/25
   359 | D        | Killed a shining eye
   360 | D        | Reached skill level 24 in Stealth
   362 | D        | Found Yneneebe's Armour Shop.
   362 | D        | Found Attuytho's Armour Shoppe.
   362 | D        | Found Zysupatz's Jewellery Boutique.
   362 | D        | Found Qastrezau's Jewellery Emporium.
   369 | D        | Bought a +1 hat for 154 gold pieces
   404 | D        | Fell from the grace of Zin
   404 | D        | Became a worshipper of Sif Muna the Loreminder
   440 | D        | Noticed a deep troll
   444 | D        | Killed a deep troll
   454 | D        | Found Fufryah's Armour Emporium.
   509 | D        | Bought a ring of flight for 227 gold pieces
   572 | D        | Learned a level 3 spell: Confusing Touch
   595 | D        | Noticed a centaur warrior
   595 | D        | Noticed a centaur warrior
   598 | D        | Killed a centaur warrior
   599 | D        | Reached skill level 25 in Stealth
   599 | D        | Killed a centaur warrior
   599 | D        | Reached * piety under Sif Muna
   600 | D        | Reached skill level 26 in Stealth
   605 | D        | Reached skill level 27 in Stealth
   607 | D        | Noticed an oklob plant
   609 | D        | Killed an oklob plant
   610 | D        | Reached skill level 1 in Necromancy
   618 | D        | Reached ** piety under Sif Muna
   638 | D        | Learned a level 4 spell: Dispel Undead
   646 | D        | Reached *** piety under Sif Muna
   674 | D        | Reached **** piety under Sif Muna
   693 | D        | Reached XP level 11. HP: 21/47 MP: 11/27
   708 | D        | Reached ***** piety under Sif Muna
   724 | D        | Received a gift from Sif Muna
   743 | D        | Got Usyopruu's Tome of Transmutation {god gift}
   762 | D        | Learned a level 2 spell: Passwall
   779 | D        | Reached skill level 1 in Transmutations
   792 | D        | Found Deusitt's Magic Scroll Shoppe.
   792 | D        | Found Enicorr's General Store.
   792 | D        | Found Suaghabb's Magic Scroll Boutique.
   794 | D        | Found Maffefuc's Antique Weapon Emporium.
   794 | D        | Found Ypsaes's Armour Shop.
   794 | D        | Found Veapun's Weapon Shoppe.
   794 | D        | Found Cunlubai's Antique Weapon Boutique.
   794 | D        | Found Oteut's Assorted Antiques.
   794 | D        | Found Ozxop's Antique Weapon Shop.
   794 | D        | Found Raonu's Book Shoppe.
   797 | D        | Bought a scroll of identify for 22 gold pieces
   797 | D        | Bought a scroll of identify for 22 gold pieces
   797 | D        | Bought a scroll of identify for 22 gold pieces
   797 | D        | Bought a scroll of blinking for 82 gold pieces
   798 | D        | Found Rupt's Magic Scroll Boutique.
   799 | D        | Found Celuupn's Magic Scroll Emporium.
   799 | D        | Found Kerum's General Store.
   800 | D        | Found Xidghuuwe's Book Emporium.
   816 | D        | Bought Great Wizards, Vol. VII for 390 gold pieces
   821 | D        | Learned a level 4 spell: Passage of Golubria
   867 | D        | Found a burning altar of Makhleb.
   867 | D        | Found a viscous altar of Jiyva.
   867 | D        | Found a shimmering altar of Xom.
   867 | D        | Found a corrupted altar of Lugonu.
   871 | D        | Reached skill level 1 in Translocations
   871 | D        | Reached skill level 1 in Earth Magic
   927 | D        | Received a gift from Sif Muna
   930 | D        | Reached skill level 5 in Translocations
   932 | D        | Got Sif Muna's Opusculum on Blasted Gases {god gift}
   950 | D        | Noticed a lindwurm
   952 | D        | Killed a lindwurm
  1000 | D        | Bought a ring of fire for 250 gold pieces
  1067 | D        | Received a gift from Sif Muna
  1068 | D        | Got Sif Muna's Omnibus of the Electric Map {god gift}
  1075 | D        | Reached ****** piety under Sif Muna
  1076 | D        | Reached skill level 15 in Dodging
  1083 | D        | Reached skill level 15 in Spellcasting
  1152 | D        | Noticed a 12-headed hydra
  1154 | D        | Killed a 12-headed hydra
  1154 | D        | Received a gift from Sif Muna
  1158 | D        | Got Sif Muna's Handbook of Chilblains {god gift}
  1228 | D        | Noticed a deep elf annihilator
  1228 | D        | Noticed an oklob plant
  1228 | D        | Noticed a mummy priest
  1228 | D        | Found the +8 autumn katana {manifold assault}
  1228 | D        | Killed a deep elf annihilator
  1288 | D        | HP: 1/47 [hornet (16)]
  1354 | D        | Noticed the 27-headed Lernaean hydra
  1360 | D        | Reached skill level 1 in Fire Magic
  1360 | D        | Reached skill level 1 in Air Magic
  1384 | D        | Mangled by the 27-headed Lernaean hydra

Illustrated notes

Levels and vault maps discovered:
D:        dungeon_sprint_1 [red_sonja_temple_1, red_sonja_temple_small_1]

Skill      XL: |  1  2  3  4  5  6  7  8  9 10 11 |
---------------+----------------------------------+-----
Short Blades   | 2 3 5 7 9 10 | 10.0
Dodging        | 3 5 6 9 10 11 15 | 15.0
Stealth        | 6 8 11 14 15 18 23 27 | 27.0
Spellcasting   | 3 4 6 8 10 11 17 | 17.4
Hexes          | 4 5 6 8 |  8.0
Ice Magic      | 1 2 3 5 6 8 |  8.0
Necromancy     | 4 |  4.0
Transmutations | 3 |  3.0
Translocations | 5 |  5.0
Earth Magic    | 3 |  3.0
Fire Magic     | 1 |  1.1
Air Magic      | 1 |  1.3

Action                     |  1- 3 |  4- 6 |  7- 9 | 10-12 || total
---------------------------+-------+-------+-------+-------++-------
  Melee: Dagger            |     7 |     4 |   171 |   152 ||   334
         Punch             |       |       |     3 |     2 ||     5
  Throw: Boomerang         |       |       |       |     6 ||     6
   Cast: Ensorcelled Hiber |       |       |     3 |    28 ||    31
         Confusing Touch   |       |       |       |     9 ||     9
         Passwall          |       |       |       |     2 ||     2
    Use: Potion            |     2 |       |       |     6 ||     8
         Scroll            |       |       |       |     3 ||     3
   Stab: Sleeping          |     1 |     4 |     7 |    45 ||    57
         Confused          |       |       |       |     8 ||     8
 Armour: Robe              |       |       |       |     2 ||     2
  Dodge: Dodged            |     3 |       |       |    64 ||    67

Table legend: (Time is in decaauts)
 A = Elapsed time spent in this place.
 B = Non-inter-level travel time spent in this place.
 C = Inter-level travel time spent in this place.
 D = Time resting spent in this place.
 E = Time spent auto-exploring this place.
 F = Levels seen in this place.
 G = Mean time per level.
                   A        B        C        D        E       F      G
               +--------+--------+--------+--------+--------+-----+--------+
         Total |    930 |    899 |     31 |     90 |      0 |   1 |  930.0 |
       Dungeon |    930 |    899 |     31 |     90 |      0 |   1 |  930.0 |
               +--------+--------+--------+--------+--------+-----+--------+

Top non-repeatable levels by time:
       D: 930 daAuts
